 Dungeon Crawl Stone Soup version 0.28.0-43-g3370ac3207 (webtiles) character file.

Game seed: 15125088690468521871

2635 mortz the Destroyer (level 9, -1/67 HPs)
             Began as a Green Draconian Conjurer on Mar 3, 2022.
             Was a Follower of Vehumet.
             Slain by Pikel
             ... wielding a +1 whip of freezing
              (9 damage)
             ... on level 8 of the Dungeon.
             The game lasted 00:43:15 (10032 turns).

mortz the Destroyer (Green Draconian Conjurer)     Turns: 10032, Time: 00:43:16

Health: -1/67      AC:  8    Str: 11    XL:     9   Next: 35%
Magic:  14/20      EV: 12    Int: 22    God:    Vehumet [*.....]
Gold:   363        SH:  3    Dex:  9    Spells: 11/22 levels left

rFire   . . .      SeeInvis .   h - +2 dagger (venom) {short}
rCold   . . .      Faith    .   j - +0 buckler
rNeg    + . .      Spirit   .   (armour unavailable)
rPois   +          Reflect  .   (helmet restricted)
rElec   .          Harm     .   (no cloak)
rCorr   .          Rampage  .   n - +0 pair of gloves
Will    .....                   (no boots)
Stlth   ++........              (no amulet)
HPRegen 0.21/turn               y - ring of positive energy
MPRegen 0.17/turn               (no ring)

@: short of breath, weak-willed, studying Transmutations
A: breathe noxious fumes, AC +7, unfitting armour, poison resistance,
cold-blooded
a: Breathe Noxious Fumes, Renounce Religion


You were on level 8 of the Dungeon.
You worshipped Vehumet.
Vehumet was aware of your devotion.
You visited 2 branches of the dungeon, and saw 9 of its levels.

You collected 363 gold pieces.


Innate Abilities, Weirdness & Mutations

You can breathe blasts of noxious fumes.
Your lurid green scales are hard. (AC +7)
You cannot fit into any form of body armour.
Your system is resistant to poisons. (rPois)
You are cold-blooded and may be slowed by cold attacks.


   Skills:
 + Level 2.2 Fighting
 + Level 3.3 Dodging
 + Level 4.4 Stealth
 + Level 1.5 Shields
 + Level 7.4 Spellcasting
 + Level 9.1 Conjurations


You had 11 spell levels left.
You knew the following spells:

 Your Spells              Type           Power      Damage    Failure   Level
a - Magic Dart            Conj           100%       1d8       1%          1
b - Searing Ray           Conj           96%        2d7       1%          2
c - Fulminant Prism       Conj/Hex       14%        3d9       16%         4
d - Iskenderun's Mystic   Conj/Tloc      28%        2d7       16%         4

Your spell library contained the following spells:

 Spells                   Type           Power      Damage    Failure   Level
 Freeze                   Ice            32%        1d5       11%         1
 Dazzling Flash           Conj/Hex       56%        N/A       4%          3

Inventory:

Hand Weapons
 a - a +0 hand axe {axe}
   (You found it on level 1 of the Dungeon)
 e - a +0 club {mace}
   (You took it off a kobold on level 1 of the Dungeon)
 f - a +0 short sword {short}
   (You took it off a kobold on level 1 of the Dungeon)
 h - a +2 dagger of venom (weapon) {short}
   (You took it off a kobold on level 1 of the Dungeon)
 I - a +3 battleaxe {axe}
   (You took it off a wight on level 6 of the Dungeon)
Missiles
 d - 6 boomerangs {throwing}
 G - 2 atropa-tipped darts {throwing}
 J - 2 datura-tipped darts {throwing}
 K - 7 poisoned darts {throwing}
Armour
 j - a +0 buckler (worn)
   (You found it on level 1 of the Dungeon)
 n - a +0 pair of gloves (worn)
   (You found it on level 3 of the Dungeon)
 H - a scarf of resistance
   (You found it on level 6 of the Dungeon)
Magical Staves
 u - a staff of earth {!astaff}
   (You found it on level 2 of the Dungeon)
Jewellery
 y - a ring of positive energy (left hand)
   (You found it on level 4 of the Dungeon)
Wands
 s - a wand of digging (4)
   (You found it on level 2 of the Dungeon)
 C - a wand of iceblast (8)
   (You found it on level 5 of the Dungeon)
 E - a wand of paralysis (2)
   (You found it on level 6 of the Dungeon)
 F - a wand of polymorph (9)
   (You found it on level 6 of the Dungeon)
Scrolls
 b - a scroll of enchant armour {unknown}
 g - 4 scrolls of identify {@r1}
 m - a scroll of magic mapping {unknown}
 p - 4 scrolls of noise {!r}
 q - 3 scrolls of vulnerability {!r!r}
 r - 3 scrolls of immolation {unknown}
 t - 2 scrolls of fear {unknown}
 v - a scroll of amnesia {unknown}
 z - a scroll of brand weapon {unknown}
 A - a scroll of summoning {unknown}
 B - 2 scrolls of teleportation {unknown}
Potions
 c - a potion of mutation {unknown}
 i - 3 potions of attraction {unknown}
 k - 2 potions of degeneration {unknown}
 l - a potion of ambrosia {unknown}
 o - 4 potions of curing {unknown}
 w - a potion of heal wounds {unknown}
 x - 3 potions of might {unknown}
 D - a potion of berserk rage {unknown}

Dungeon Overview and Level Annotations

Branches:
Dungeon (8/15)             Temple (1/1) D:5
   Lair: D:8-11

Altars:
Ashenzari
Dithmenos
Elyvilon
Fedhas
Hepliaklqana
Makhleb
Nemelex Xobeh
Okawaru
Ru
Sif Muna
Trog
Uskayaw
Vehumet
Wu Jian
Xom
Zin
The Shining One

Shops:
D:4 [   D:5 *

Annotations:
D:8 Pikel

....................
...................##
.###...#..†.........$
#.#.#.............
...#..##<.......... .
..# #...#..........
..Y. #.....55Z..<##
..Y..##...YYY.Z.#.#
.Y.Yo..<...Y.Y@.# .
.o.####.....##K.5.....
#.....#.........
.......#........#
...........(....#
....##...........
..... ........##.
................


You could see Pikel (confused, weak-willed), 5 yaks, 3 lemures, a wyvern zombie
(weak-willed) and a howler monkey zombie (weak-willed).


Message History

There is a stone staircase leading down here. 😎 MP[+3]
You regained 3 mp, and now have 18/20 mp.
Things that are here:
the +1 robe of the Moon {Str-4 Int+4 Slay+2}; a +0 dagger {short}
There is a stone staircase leading down here.
You climb downwards.
There is a stone staircase leading up here.
Aiming: Breathe Noxious Fumes (4% risk of failure)
Press: ? - help, Shift-Dir - straight line, f - Pikel
Aim: Pikel, wielding a +1 whip of freezing and wearing a +0 robe (wandering, hasn't noticed you, 50% to hit)
You exhale a blast of noxious fumes.
The blast of choking fumes misses Pikel.
Pikel is engulfed in noxious fumes. 😎 MP[+1]
Aiming: Magic Dart (safe; 1% risk of failure)
Press: ? - help, Q - select action, (/) - cycle Shift-Dir - straight line, f/p - Pikel
Aim: Pikel, wielding a +1 whip of freezing and wearing a +0 robe (wandering, hasn't noticed you, 100% to hit)
The magic dart hits Pikel.
Pikel shouts!
The lemure shouts!
A wyvern zombie comes into view.
A lemure comes into view. 😎 MP[-1]
You lost 1 mp, and now have 18/20 mp.
Aiming: Magic Dart (safe; 1% risk of failure)
Press: ? - help, Q - select action, (/) - cycle Shift-Dir - straight line, f/p - Pikel
Aim: Pikel, wielding a +1 whip of freezing and wearing a +0 robe (noxious fumes, lightly wounded, 100% to hit)
The magic dart hits Pikel.
The lemure shouts!
Pikel is engulfed in noxious fumes.
Pikel appears confused.
The lemure barely misses you. 😎 MP[-1]
You lost 1 mp, and now have 17/20 mp.
The lemure hits you.
The lemure is engulfed in noxious fumes.
The lemure appears confused.
The lemure closely misses you. 😕 HP[-1]
You take 1 damage, and now have 66/67 hp.
The yak gores you. You block the lemure's attack. 😕 HP[-4]
You take 4 damage, and now have 62/67 hp.
A howler monkey zombie comes into view.
Casting: Magic Dart (safe; 1% risk of failure)
Confirm with . or Enter, or press ? or * to list all spells.
Aiming: Searing Ray (safe; 1% risk of failure)
Press: ? - help, Shift-Dir - straight line, f/p - Pikel
Aim: Pikel, wielding a +1 whip of freezing and wearing a +0 robe (lightly wounded, confused, 92% to hit)
The searing ray misses Pikel.
The searing ray hits the lemure. (Press . to maintain the ray.)
The lemure barely misses you. The yak closely misses you.
You block the lemure's attack. 😕 MP[-1]
You lost 1 mp, and now have 16/20 mp.
The searing ray hits Pikel!
The searing ray hits the lemure.
Pikel completely misses you.
Pikel hits himself with a +1 whip of freezing!
Pikel freezes himself.
The lemure hits you. The yak barely misses you.
The lemure misses you. 😕 HP[-4] MP[-1]
You take 4 damage, and now have 58/67 hp.
You lost 1 mp, and now have 15/20 mp.
The searing ray hits Pikel.
The lemure barely misses you. The yak closely misses you.
You block the lemure's attack. 😕 MP[-1]
You lost 1 mp, and now have 14/20 mp.
The searing ray hits Pikel!
You finish channelling your searing ray.
You block the wyvern zombie's attack. Pikel closely misses you.
The lemure barely misses you. The yak closely misses you. The yak gores you!
The lemure hits you. The howler monkey zombie misses you.
The wyvern zombie closely misses you. 😮 HP[-14] MP[-1]
You take 14 damage, and now have 44/67 hp.
MASSIVE DAMAGE!! (PAUSE)
You lost 1 mp, and now have 13/20 mp.
As you read the scroll labelled CILAISO ULYL, it crumbles to dust.
It is a scroll of identify.
p - 4 scrolls of noise The lemure misses you.
The yak gores you!
* * * LOW HITPOINT WARNING * * *
The wyvern zombie bites you but does no damage.
The yak gores you!
* * * LOW HITPOINT WARNING * * *
The lemure closely misses you.
The howler monkey zombie hits you but does no damage. 😨 HP[-23]
You take 23 damage, and now have 21/67 hp.
MASSIVE DAMAGE!! (PAUSE)
As you read the scroll labelled MYLUTE ADIQ, it crumbles to dust.
Magic quickly surges around you.
It was a scroll of vulnerability.
The lemure closely misses you. The yak gores you!
* * * LOW HITPOINT WARNING * * *
You block the wyvern zombie's attack. The lemure closely misses you.
The howler monkey zombie hits you but does no damage. 😱 HP[-14]
You take 14 damage, and now have 7/67 hp.
MASSIVE DAMAGE!! (PAUSE)
The lemure seems less confused.
Pikel hits you with a +1 whip of freezing!
You die...

Skill      XL: |  1  2  3  4  5  6  7  8  9 |
---------------+----------------------------+-----
Stealth        | 2 3 4 |  4.4
Dodging        | 2 3 |  3.3
Conjurations   | 5 6 7 8 9 |  9.1
Spellcasting   | 3 4 5 6 7 |  7.4
Fighting       | 1 2 |  2.2
Shields        | 1 |  1.5

Action                   |  1- 3 |  4- 6 |  7- 9 || total
-------------------------+-------+-------+-------++-------
Melee: Unarmed           |     8 |       |       ||     8
       Tailslap          |     5 |       |       ||     5
       Dagger            |    13 |     3 |     3 ||    19
 Cast: Magic Dart        |    67 |    63 |    67 ||   197
       Searing Ray       |     6 |    32 |    52 ||    90
 Abil: Breathe Noxious F |       |       |    18 ||    18
  Use: Scroll            |       |       |     2 ||     2
 Stab: Confused          |       |       |     2 ||     2
Armor: Skin              |    15 |     8 |     8 ||    31
Dodge: Dodged            |    38 |    15 |    34 ||    87
Block: Buckler           |     1 |     1 |    11 ||    13

Levels and vault maps discovered:
D:1:      lightli_arrival_quake, layout_basic
D:2:      layout_rooms, hellmonk_ecumenical_altar_pennies_from_heaven,
          grunt_decor_junction
D:3:      layout_basic, mainiacjoe_overflow_catwalk, mainiacjoe_overflow_swirl
D:4:      layout_basic, nicolae_shop_dragon_depot, corner_web_ring
D:5:      layout_gridville, vehumet_crystals,
          mainiacjoe_overflow_surrounded_room, minmay_temple_entry_trees,
          minmay_misc_feat_tiny, minmay_shop_damaged, minmay_manual_moon
D:6:      layout_basic, zin_statuary, nicolae_overflow_hidden_temple,
          uniq_prince_ribbit1, uniq_sigmund
D:7:      layout_basic, nicolae_uskayaw_dance_hall, xom_redecorated
D:8:      layout_cave_pools, slow_altar_2, uniq_harold, uniq_pikel
Temple:   compressed_dpeg_triangle_lava_temple

Notes
Turn   | Place    | Note
-------+----------+-------------------------------------------
     0 | D:1      | mortz the Draconian Conjurer began the quest for the Orb.
     0 | D:1      | Reached XP level 1. HP: 14/14 MP: 3/3
     0 | D:1      | magus.rc [v1.9.6]
   571 | D:1      | Reached XP level 2. HP: 20/20 MP: 3/5
   574 | D:1      | Learned a level 2 spell: Searing Ray
  1098 | D:1      | Reached skill level 2 in Stealth
  1342 | D:1      | Reached XP level 3. HP: 27/27 MP: 3/6
  1809 | D:2      | Reached skill level 2 in Dodging
  2201 | D:2      | Found a faded altar of an unknown god.
  2357 | D:3      | Found a burning altar of Makhleb.
  2359 | D:3      | Reached XP level 4. HP: 34/34 MP: 6/8
  3081 | D:3      | Reached skill level 5 in Conjurations
  3175 | D:3      | Found a bloodstained altar of Trog.
  3185 | D:3      | Found a shadowy altar of Dithmenos.
  4014 | D:4      | Reached skill level 3 in Spellcasting
  4014 | D:4      | Reached XP level 5. HP: 38/39 MP: 2/9
  4729 | D:4      | Reached skill level 3 in Stealth
  4840 | D:4      | Reached XP level 6. HP: 46/46 MP: 6/11
  5095 | D:4      | Found Ishkur's Dragon-Slaying Spoils.
  5337 | D:5      | Entered Level 5 of the Dungeon
  5541 | D:5      | Found a staircase to the Ecumenical Temple.
  5547 | Temple   | Entered the Ecumenical Temple
  5885 | D:5      | Reached skill level 4 in Spellcasting
  5885 | D:5      | Reached skill level 6 in Conjurations
  5982 | D:5      | Found Luynnux's Lightly-Used Armoury.
  6052 | D:5      | Found an ornate altar of the Wu Jian Council.
  6083 | D:5      | Reached skill level 1 in Fighting
  6085 | D:5      | Your scales start taking on a lurid green colour.
  6085 | D:5      | Reached XP level 7. HP: 52/52 MP: 4/13
  6085 | D:5      | Gained mutation: Your system is resistant to poisons.
                  | (rPois) [Green Draconian growth]
  6456 | D:5      | Noticed a yak
  6495 | D:4      | HP: 9/52 [ogre/+0 giant club (13)]
  6497 | D:4      | Reached skill level 5 in Spellcasting
  6807 | D:5      | Found a radiant altar of Vehumet.
  6815 | D:5      | Became a worshipper of Vehumet
  6945 | D:6      | Reached skill level 7 in Conjurations
  7037 | D:6      | Noticed Prince Ribbit
  7072 | D:6      | Killed Prince Ribbit
  7073 | D:6      | Reached skill level 1 in Shields
  7073 | D:6      | Reached XP level 8. HP: 59/59 MP: 8/16
  7314 | D:6      | Reached skill level 4 in Stealth
  7493 | D:6      | Found a glowing silver altar of Zin.
  7814 | D:6      | Noticed Sigmund
  7883 | D:5      | Reached skill level 3 in Dodging
  7883 | D:5      | Reached skill level 6 in Spellcasting
  8021 | D:5      | Reached skill level 8 in Conjurations
  8423 | D:6      | Killed Sigmund
  8424 | D:6      | Reached skill level 2 in Fighting
  8711 | D:6      | Reached XP level 9. HP: 64/67 MP: 7/19
  8716 | D:6      | Learned a level 4 spell: Fulminant Prism
  8721 | D:6      | Learned a level 4 spell: Iskenderun's Mystic Blast
  8912 | D:7      | Noticed a troll
  8919 | D:7      | Killed a troll
  9003 | D:7      | Reached skill level 7 in Spellcasting
  9525 | D:7      | Found a hide-covered altar of Uskayaw.
  9579 | D:7      | Reached skill level 9 in Conjurations
  9618 | D:7      | Found a shimmering altar of Xom.
  9621 | D:7      | Found a shimmering altar of Xom.
  9628 | D:7      | Found a shimmering altar of Xom.
  9628 | D:7      | Found a shimmering altar of Xom.
  9649 | D:7      | Reached * piety under Vehumet
  9649 | D:7      | Offered knowledge of Freeze by Vehumet.
  9762 | D:7      | Identified the +1 robe of the Moon {Str-4 Int+4 Slay+2}
 10019 | D:8      | Noticed Pikel
 10031 | D:8      | HP: 7/67 [yak (14)]
 10032 | D:8      | Slain by Pikel

Vanquished Creatures
  A troll (D:7)
  Prince Ribbit (D:6)
  Sigmund (D:6)
  A yak (D:5)
  A sky beast (D:7)
  A black bear (D:4)
  2 necrophages
  A centaur (D:6)
  3 ogres
  A lemure (D:7)
  A kobold brigand (D:7)
  2 bullfrogs
  A water moccasin zombie (D:5)
  2 scorpions
  5 wights
  A howler monkey (D:8)
  2 bullfrog zombies
  2 hounds
  An orc priest (D:7)
  A bullfrog skeleton (D:5)
  2 centaur skeletons
  3 iguanas
  3 orc wizards
  A hound skeleton (D:5)
  A howler monkey zombie (D:6)
  3 gnolls (D:7)
  4 adders
  A shadow imp (D:7)
  A white imp (D:5)
  2 ufetubi
  An adder skeleton (D:4)
  2 worms (D:2)
  3 dart slugs
  18 orcs
  11 ball pythons
  8 endoplasms
  4 giant cockroaches
  7 hobgoblins
  5 jackals
  6 quokkas
  4 bats
  5 frilled lizards
  4 goblins
  12 kobolds
  9 rats
151 creatures vanquished.

Table legend:
 A = Non-vault XP
 B = Vault XP
 C = Vault XP percentage of total XP
 D = Non-vault monster count
 E = Vault monster count
 F = Vault count percentage of total count
                 A         B        C        D         E       F
            +---------+---------+-------+---------+---------+-------
      Total |    2771 |     994 |  26.4 |     144 |       6 |   4.0
            +---------+---------+-------+---------+---------+-------
        D:1 |      44 |       0 |   0.0 |      29 |       0 |   0.0
        D:2 |      52 |       0 |   0.0 |      20 |       0 |   0.0
        D:3 |      68 |       0 |   0.0 |      23 |       0 |   0.0
        D:4 |     350 |     125 |  26.3 |      21 |       1 |   4.5
        D:5 |     503 |     398 |  44.2 |      11 |       3 |  21.4
        D:6 |     787 |     471 |  37.4 |      16 |       2 |  11.1
        D:7 |     910 |       0 |   0.0 |      22 |       0 |   0.0
        D:8 |      57 |       0 |   0.0 |       2 |       0 |   0.0
            +---------+---------+-------+---------+---------+-------

Illustrated notes

Table legend:
 A = Kills in this place as a percentage of kills in entire the game.
 B = Kills by you in this place as a percentage of kills by you in the entire game.
 C = Kills by friends in this place as a percentage of kills by friends in the entire game.
 D = Other kills in this place as a percentage of other kills in the entire game.
 E = Experience gained in this place as a percentage of experience gained in the entire game.
 F = Experience gained in this place divided by the number of levels of this place that you have seen.
                   A       B       C       D       E      F
               +-------+-------+-------+-------+-------+----------------------
         Total | 100.0 | 100.0 |   N/A | 100.0 | 100.0 | 418.3
       Dungeon | 100.0 | 100.0 |   N/A | 100.0 | 100.0 | 470.6
               +-------+-------+-------+-------+-------+----------------------

Table legend: (Time is in decaauts)
 A = Elapsed time spent in this place.
 B = Non-inter-level travel time spent in this place.
 C = Inter-level travel time spent in this place.
 D = Time resting spent in this place.
 E = Time spent auto-exploring this place.
 F = Levels seen in this place.
 G = Mean time per level.
                   A        B        C        D        E       F      G
               +--------+--------+--------+--------+--------+-----+--------+
         Total |  10035 |   9765 |    270 |   3847 |   4523 |   9 | 1115.0 |
       Dungeon |   9735 |   9487 |    248 |   3847 |   4253 |   8 | 1216.9 |
        Temple |    300 |    278 |     22 |      0 |    270 |   1 |  300.0 |
               +--------+--------+--------+--------+--------+-----+--------+

Top non-repeatable levels by time:
     D:4: 1874 daAuts
     D:6: 1631 daAuts
     D:1: 1627 daAuts
     D:3: 1397 daAuts
     D:5: 1304 daAuts
     D:7: 1120 daAuts
     D:2: 729 daAuts
  Temple: 300 daAuts
     D:8: 49 daAuts
